 Dungeon Crawl Stone Soup version 0.29-a0-653-gd47aff6735 (webtiles) character file.

Game seed: 17728276155806248780

417 ytrimaz the Skirmisher (level 6, -2/52 HPs)
             Began as a Demonspawn Berserker on June 21, 2022.
             Was a Believer of Trog.
             Killed from afar by an orc wizard (6 damage)
             ... with a puff of flame
             ... on level 4 of the Dungeon.
             The game lasted 00:05:20 (4466 turns).

ytrimaz the Skirmisher (Demonspawn Berserker)       Turns: 4466, Time: 00:05:20

Health: -2/52      AC: 12    Str: 20    XL:     6   Next: 61%
Magic:  6/6        EV:  7    Int: 10    God:    Trog [**....]
Gold:   156        SH:  0    Dex: 12    Spells: 5/5 levels left

rFire   . . .      SeeInvis .     - Unarmed
rCold   . . .      Faith    .   (no shield)
rNeg    . . .      Spirit   .   n - +0 plate armour
rPois   .          Reflect  .   (no helmet)
rElec   .          Harm     .   b - +0 cloak
rCorr   .          Rampage  .   (no gloves)
Will    .....                   (no boots)
Stlth   ..........              (no amulet)
HPRegen 0.17/turn               (no ring)
MPRegen 0.20/turn               (no ring)

@: on berserk cooldown, slowed, very slow
A: magic regeneration, big brain 1, demonic touch 1
a: Renounce Religion, Berserk, Trog's Hand


You were on level 4 of the Dungeon.
You worshipped Trog.
Trog was pleased with you.
You visited 1 branch of the dungeon, and saw 4 of its levels.

You collected 156 gold pieces.

Inventory:

Armour
 b - a +0 cloak (worn)
 k - +0 steam dragon scales
 n - a +0 plate armour (worn)
Wands
 j - a wand of iceblast (11)
Scrolls
 c - a scroll of immolation
 d - a scroll of acquirement
 l - 5 scrolls of identify {unknown}
Potions
 a - a potion of curing
 e - a potion of ambrosia {unknown}
 f - 2 potions of brilliance {unknown}
 h - 3 potions of heal wounds {unknown}
 i - a potion of berserk rage {unknown}


   Skills:
 + Level 5.8 Fighting
 + Level 2.4 Armour
 - Level 4.2 Dodging
 - Level 2.6 Unarmed Combat


You had 5 spell levels left.
You didn't know any spells.
Your spell library was empty.

Dungeon Overview and Level Annotations

Branches:
Dungeon (4/15)
 Temple: D:4-7

Altars:


Innate Abilities, Weirdness & Mutations

You regenerate magic rapidly.
You have an unusually large brain. (Int +2)
Your touch may inflict minor irresistible damage on your foes.


Message History

The giant cockroach barely misses you.
An orc wizard comes into view. It is wielding a +0 dagger.
As you read the scroll labelled YGHUFA GIATS, it crumbles to dust.
It is a scroll of brand weapon.
You aren't carrying any weapons that can be branded.
You hear the slow hiss of a very distant avalanche of sand.
The orc wizard shouts!
The giant cockroach bites you but does no damage.
The giant cockroach barely misses you.
The orc wizard gestures wildly while chanting.
The orc wizard flickers and vanishes!
Deactivating autopickup; reactivate with Ctrl-A.
The air fills with toxic fumes!
As you read the scroll labelled WECRIKH ITAS, it crumbles to dust.
It was a scroll of poison.
The giant cockroach bites you but does no damage. x2
The orc priest is engulfed in poison gas.
The orc priest is poisoned.
A puff of flame appears from out of thin air!
The puff of flame hits you!
* * * LOW HITPOINT WARNING * * *
Unknown command.
It was a potion of curing.
You feel better.
The giant cockroach completely misses you.
The giant cockroach bites you but does no damage.
You feel better. Trog accepts your kill.
Trog appreciates your killing of a magic user.
Reactivating autopickup.
You feel a bit more experienced. The giant cockroach bites you.
The orc priest is engulfed in poison gas.
The orc priest looks even sicker.
The orc priest calls down the wrath of Beogh upon you.
Beogh smites you!
* * * LOW HITPOINT WARNING * * *
The orc wizard is engulfed in poison gas.
The orc wizard is poisoned.
The orc wizard gestures at you while chanting.
The puff of flame hits you.
You die...

..##........
#.#§§...o.o.).
#§#§§.........
#§#§§..o......
#§§§§#.)......
#§§§o#....<...
#§§§$........ ##
#§§B###...... ..##
######§§§@§#......
...##.§§§§§§§#§#
.#..$
#..###§§§#§o.§##..
##
##...§§§##§§..§...#
.
#.!..#.#####.§§§..#
....##...####..§§§§.
##.....[.)<...#.§§#
#.......#####...§§§#
#.##.##.. .....


You could see an orc priest (very poisoned), an orc wizard (poisoned) and a
giant cockroach.

Vanquished Creatures
  Sigmund (D:2)
  A steam dragon (D:4)
  An orc wizard (D:4)
  5 adders
  A worm (D:2)
  A dart slug (D:4)
  7 orcs
  4 endoplasms (D:1)
  2 giant cockroaches
  5 goblins
  6 hobgoblins
  4 jackals (D:1)
  6 kobolds
  3 quokkas
  9 ball pythons
  8 bats
  A frilled lizard (D:2)
  9 rats
74 creatures vanquished.

Notes
Turn   | Place    | Note
-------+----------+-------------------------------------------
     0 | D:1      | ytrimaz the Demonspawn Berserker began the quest for the
                  | Orb.
     0 | D:1      | Reached XP level 1. HP: 18/18 MP: 1/1
   671 | D:1      | Gained mutation: You regenerate magic rapidly. [demonic
                  | ancestry]
   671 | D:1      | Reached XP level 2. HP: 24/24 MP: 2/2
   970 | D:1      | Found a faded altar of an unknown god.
  1170 | D:1      | Reached XP level 3. HP: 27/30 MP: 3/3
  1171 | D:1      | Reached ** piety under Trog
  1558 | D:1      | Reached skill level 4 in Fighting
  1606 | D:1      | Identified a scroll of acquirement
  2442 | D:2      | Gained mutation: Your touch may inflict minor irresistible
                  | damage on your foes. [demonic ancestry]
  2442 | D:2      | Reached XP level 4. HP: 23/37 MP: 4/4
  3093 | D:2      | Noticed Sigmund
  3108 | D:2      | Killed Sigmund
  3109 | D:2      | Reached skill level 5 in Fighting
  3109 | D:2      | Gained mutation: You have an unusually large brain. (Int
                  | +2) [demonic ancestry]
  3109 | D:2      | Reached XP level 5. HP: 44/44 MP: 5/5
  3382 | D:3      | Identified the +8 flail "Lifebane" {vorpal, rN+ Str+4
                  | Dex+4}
  3888 | D:3      | Reached XP level 6. HP: 41/51 MP: 6/6
  4438 | D:4      | Noticed a steam dragon
  4450 | D:4      | Killed a steam dragon
  4466 | D:4      | Killed from afar by an orc wizard

Illustrated notes

Levels and vault maps discovered:
D:1:      mrwooster_arrival_arrow, layout_loops_corners,
          hellmonk_ecumenical_altar_crossroads, minmay_heptomino_w4
D:2:      layout_loops_corners, kennysheep_pointless_box, amethyst_killhole,
          kennysheep_another_room, uniq_sigmund
D:3:      layout_basic, kennysheep_small_spiral
D:4:      layout_rooms, mainiacjoe_overflow_two_lobes,
          nicolae_ossuary_entry_plus

Skill      XL: |  1  2  3  4  5  6 |
---------------+-------------------+-----
Dodging        | 2 4 |  4.2
Fighting       | 4 5 |  5.8
Armour         | 2 |  2.4
Unarmed Combat | |  2.6

Action                   |  1- 3 |  4- 6 || total
-------------------------+-------+-------++-------
Melee: Unarmed           |   176 |    84 ||   260
       Punch             |     2 |     2 ||     4
       Touch             |       |    15 ||    15
Invok: Berserk           |     2 |     2 ||     4
  Use: Scroll            |     2 |     4 ||     6
       Potion            |       |     2 ||     2
 Stab: Sleeping          |     3 |       ||     3
Armor: Animal skin       |    54 |     5 ||    59
       Ring mail         |       |    10 ||    10
       Plate armour      |       |    13 ||    13
Dodge: Dodged            |   144 |    44 ||   188

Table legend: (Time is in decaauts)
 A = Elapsed time spent in this place.
 B = Non-inter-level travel time spent in this place.
 C = Inter-level travel time spent in this place.
 D = Time resting spent in this place.
 E = Time spent auto-exploring this place.
 F = Levels seen in this place.
 G = Mean time per level.
                   A        B        C        D        E       F      G
               +--------+--------+--------+--------+--------+-----+--------+
         Total |   4476 |   4349 |    127 |    124 |   3541 |   4 | 1119.0 |
       Dungeon |   4476 |   4349 |    127 |    124 |   3541 |   4 | 1119.0 |
               +--------+--------+--------+--------+--------+-----+--------+

Top non-repeatable levels by time:
     D:2: 1700 daAuts
     D:1: 1693 daAuts
     D:3: 1028 daAuts
     D:4: 54 daAuts
